 Dungeon Crawl Stone Soup version 0.31.0-12-g77e489cdc1 (webtiles) character file.

Game seed: 11022319740186602792

32 hawla the Shield-Bearer (level 3, -1/31 HPs)
             Began as a Minotaur Fighter on Mar 2, 2024.
             Slain by a gnoll
             ... wielding a +0 club
              (3 damage)
             ... on level 2 of the Dungeon.
             The game lasted 00:02:12 (1165 turns).

hawla the Shield-Bearer (Minotaur Fighter)          Turns: 1165, Time: 00:02:13

Health: -1/31      AC:  6    Str: 17 (20) XL:     3   Next: 8%
Magic:  2/2        EV:  9    Int:  4 (5)  God:
Gold:   77         SH:  4    Dex:  9 (11) Spells: 2/2 levels left

rFire   . . .        a - +0 long sword
rCold   . . .        c - +0 buckler
rNeg    . . .        b - +0 scale mail
rPois   .            h - +0 hat
rElec   .            (no cloak)
rCorr   .            (no gloves)
SInv    .            (no boots)
Will    .....        (no amulet) Stlth
                     (no ring)
HPRegen 0.25/turn    (no ring)
MPRegen 0.08/turn

%: no passive effects
@: mighty
A: horns 2, retaliatory headbutt
a: no special abilities


You were on level 2 of the Dungeon.
You visited 1 branch of the dungeon, and saw 2 of its levels.

You collected 77 gold pieces.

Inventory:

Hand Weapons
 a - a +0 long sword (weapon)
Armour
 b - a +0 scale mail (worn)
 c - a +0 buckler (worn)
 h - a +0 hat (worn)
Jewellery
 j - a ring of protection from fire
Scrolls
 i - a scroll of teleportation
Potions
 g - a potion of invisibility


   Skills:
 - Level 3.6 Fighting
 - Level 2.4 Long Blades
 - Level 3.6 Armour
 + Level 2.0 Dodging
 + Level 4.4 Shields


You had 2 spell levels left.
You didn't know any spells.
Your spell library was empty.

Dungeon Overview and Level Annotations

Branches:
Dungeon (2/15)

Altars:


Innate Abilities, Weirdness & Mutations

You have a pair of horns on your head.
You reflexively headbutt those who attack you in melee.


Message History

The gnoll attacks as it pursues you! The gnoll hits you with a +0 club.
The goblin attacks as it pursues you! The goblin completely misses you.
The gnoll barely misses you. The goblin hits you but does no damage.
The goblin attacks as it pursues you! The goblin hits you with a +0 club.
There is a stone staircase leading down here.
You hit the gnoll but do no damage.
The gnoll is severely wounded.
The gnoll hits you with a +0 club.
You slash the gnoll!
You kill the gnoll!
Your Dodging skill increases to level 2!
You have reached level 3!
Your experience leads to an increase in your attributes!
Increase (S)trength, (I)ntelligence, or (D)exterity?
You feel agile. x2
You barely miss the goblin. The goblin hits you with a +0 club.
* * * LOW HITPOINT WARNING * * *
It was a potion of degeneration.
There was something very wrong with that liquid.
You feel weakened.
You feel dopey.
You feel clumsy. The goblin hits you but does no damage.
You feel very mighty all of a sudden. The goblin hits you with a +0 club.
* * * LOW HITPOINT WARNING * * *
You slash the goblin!
You kill the goblin!
You hit the gnoll.
The gnoll is lightly wounded.
The gnoll hits you but does no damage. The gnoll hits you with a +0 club.
* * * LOW HITPOINT WARNING * * *
You hit the gnoll.
The gnoll is heavily wounded.
The gnoll barely misses you.
You closely miss the gnoll. Your headbutt misses the gnoll.
The gnoll is heavily wounded.
The gnoll hits you but does no damage.
You closely miss the gnoll.
The gnoll is heavily wounded.
The gnoll closely misses you. The gnoll hits you with a +0 club.
You die...

#>................
#.#...............
#.########........
#.# #........ #.#
#........ #.#
#........ #g#
#...##### #g#
#...# #@# #####
#.# #.# #.# #.#
#.#########
#..........
#..######## #..#


You could see 2 gnolls.

Vanquished Creatures
  A gnoll (D:2)
  2 goblins
  A hobgoblin (D:1)
  2 quokkas (D:1)
  5 ball pythons (D:1)
  4 bats (D:1)
  2 frilled lizards (D:1)
  5 kobolds
  2 rats (D:1)
24 creatures vanquished.

Notes
Turn   | Place    | Note
-------+----------+-------------------------------------------
     0 | D:1      | hawla the Minotaur Fighter began the quest for the Orb.
     0 | D:1      | Reached XP level 1. HP: 19/19 MP: 0/0
   246 | D:1      | Reached skill level 1 in Dodging
   354 | D:1      | Reached skill level 4 in Shields
   357 | D:1      | Reached XP level 2. HP: 26/26 MP: 1/1
  1158 | D:2      | Reached XP level 3. HP: 11/31 MP: 2/2
  1162 | D:2      | HP: 1/31 [gnoll/+0 club (6)]
  1165 | D:2      | Slain by a gnoll

Illustrated notes

Levels and vault maps discovered:
D:1:      evilmike_arrival_fibonacci_small, layout_basic,
          serial_co_window_serial, co_window_corner_a, co_window_paths_a,
          co_window_of_opportunity_a, co_window_of_opportunity_a,
          co_window_paths_b, co_window_of_opportunity_c, co_window_paths_c,
          co_window_broadway_c, co_window_unsneaky_path_b, co_window_broadway_c,
          co_window_broadway_c, co_window_corner_b, co_window_4corner_b,
          minmay_small_reverse_x
D:2:      layout_basic

Skill      XL: |  1  2 |
---------------+-------+-----
Dodging        | 1 2 |  2.0
Shields        | 4 |  4.4
Fighting       | |  3.6
Long Blades    | |  2.4
Armour         | |  3.6

Action                     || total
---------------------------++-------
  Melee: Long sword        ||    60
         Headbutt          ||     6
    Use: Scroll            ||     3
         Potion            ||     2
 Armour: Scale mail        ||    52
  Dodge: Dodged            ||    29
  Block: Buckler           ||    21
